 Dungeon Crawl Stone Soup version 0.27-a0-1123-g2f9bb313c0 (webtiles) character file.

Game seed: 6994397393460137297

17213 wakim the Basher (level 12, -1/159 HPs)
             Began as a Minotaur Berserker on May 3, 2021.
             Was an Elder of Trog.
             Succumbed to poison (dark miasma)
             ... on level 11 of the Dungeon.
             The game lasted 00:35:41 (12892 turns).

wakim the Basher (Minotaur Berserker)              Turns: 12892, Time: 00:35:41

Health: -1/159     AC: 15    Str: 26    XL:     12   Next: 16%
Magic:  5/11       EV: 13    Int:  5    God:    Trog [****..]
Gold:   591        SH:  4    Dex: 10    Spells: 11/11 levels left

rFire    + + .     SeeInvis .   a - +0 mace (elec)
rCold    . . .     Faith    .   n - +0 buckler
rNeg     . . .     Spirit   .   k - +4 scale mail {rF+}
rPois    .         Reflect  .   (helmet restricted)
rElec    .         Harm     .   (no cloak)
rCorr    .         Rampage  .   (no gloves)
Will     .....                  h - +0 pair of boots
Stlth    ..........             (no amulet)
HPRegen  0.36/turn              c - ring of protection from fire
MPRegen  0.12/turn              f - ring of flight

@: berserking, lethally poisoned (-1 -> -86), flying, slowed
A: horns 2, retaliatory headbutt
a: Renounce Religion, Berserk, Trog's Hand, Brothers in Arms


You were on level 11 of the Dungeon.
You worshipped Trog.
Trog was greatly pleased with you.
You visited 2 branches of the dungeon, and saw 12 of its levels.

You collected 591 gold pieces.

Inventory:

Hand Weapons
 a - a +0 mace of electrocution (weapon)
 b - a +0 flail
Missiles
 d - 5 throwing nets {=f!f}
 g - 11 boomerangs
 l - 7 silver javelins
 m - a curare-tipped dart {=f}
Armour
 h - a +0 pair of boots (worn)
 k - a +4 scale mail of fire resistance (worn)
 n - a +0 buckler (worn)
Jewellery
 c - a ring of protection from fire (left hand)
 f - a ring of flight (right hand)
Wands
 t - a wand of digging (12)
 v - a wand of flame (15) (quivered)
 x - a wand of iceblast (30)
 y - a wand of paralysis (7)
Scrolls
 i - a scroll of enchant armour
 o - a scroll of magic mapping {unknown}
 r - 5 scrolls of identify
 T - 4 scrolls of teleportation
 Y - 5 scrolls of blinking {!r}
Potions
 e - a potion of cancellation {unknown}
 j - a potion of resistance {unknown}
 p - a potion of berserk rage {unknown}
 B - a potion of attraction {!q}
 F - 2 potions of curing
 I - a potion of invisibility
 L - 3 potions of lignification {!q}
 N - a potion of might


   Skills:
 + Level 10.0 Fighting
 * Level 13.3 Maces & Flails
 + Level 12.6 Armour
 + Level 8.9 Dodging
 - Level 4.0 Shields
 + Level 5.3 Evocations


You had 11 spell levels left.
You didn't know any spells.
Your spell library was empty.

Dungeon Overview and Level Annotations

Branches:
Dungeon (11/15)            Temple (1/1) D:6            Lair (0/6) D:8
    Orc: D:9-12

Altars:
Ashenzari
Cheibriados
Dithmenos
Elyvilon
Fedhas
Gozag
Hepliaklqana
Kikubaaqudgha
Makhleb
Nemelex Xobeh
Okawaru
Qazlal
Ru
Sif Muna
Trog
Uskayaw
Vehumet
Wu Jian
Xom
Yredelemnul
Zin
The Shining One

Shops:
D:1 :   D:9 !

Annotations:
D:5 2 transporters
D:6 2 transporters, Galthrax's ghost, novice GrEE
D:8 Gastronok
D:10 3 runed translucent doors, polve's ghost, journeyman HOBe


Innate Abilities, Weirdness & Mutations

You have a pair of horns on your head.
You reflexively headbutt those who attack you in melee.


Message History

You feel yourself moving faster!
You feel mighty!
You are engulfed in dark miasma.
You are more poisoned.
You feel extremely sick.
The death drake changes into a tarantella!
You barely miss the tarantella. You headbutt the tarantella!
The tarantella is heavily wounded.
You are engulfed in dark miasma.
You are more poisoned.
You feel extremely sick.
You miss the tarantella. You headbutt the tarantella!
The tarantella is almost dead.
You are engulfed in dark miasma.
You are lethally poisoned!
You feel yourself slow down.
* * * LOW HITPOINT WARNING * * *
* * * LOW HITPOINT WARNING * * *
You feel extremely sick.
The tarantella bites you but does no damage.
You closely miss the tarantella.
The tarantella is almost dead.
You are engulfed in dark miasma.
You are more poisoned.
You feel as though you will be slow longer.
* * * LOW HITPOINT WARNING * * *
* * * LOW HITPOINT WARNING * * *
You feel extremely sick. The tarantella bites you.
* * * LOW HITPOINT WARNING * * *
You sock the tarantella!
You feel the power of Trog in you as your rage grows.
You kill the tarantella!
Trog accepts your kill.
You are engulfed in dark miasma.
You are more poisoned.
* * * LOW HITPOINT WARNING * * *
* * * LOW HITPOINT WARNING * * *
You feel extremely sick.
Okay, then.
You die...

.. .#....###...## .
.#....#.....# .
###.#..........# ..
#..#...........# ...
##.#............## ...
<................#. ...
#............#[ ...
#...°@........## ...
##....(.....##.# ...
##............# #..
#.............### #.#
#.......#.....)..#####..
#.......###....###.#..
.. ###....##
##....#.#.#.##. ###.#
##...#..#.#... #.
##..##...##...#


There were no monsters in sight!

Vanquished Creatures
  Harold (D:7)
  Erica (D:8)
  3 two-headed ogres (D:10)
  3 death yaks (D:7)
  Pikel (D:7)
  An ugly thing (D:11)
  A cyclops (D:11)
  A manticore (D:11)
  An unseen horror (D:11)
  Maggie (D:9)
  Psyche (D:9)
  A troll (D:10)
  A hornet (D:9)
  Prince Ribbit (D:6)
  A shadow (D:9)
  A tarantella (shapeshifter) (D:11)
  Sigmund (D:4)
  28 yaks
  A wyvern (D:10)
  Eustachio (D:6)
  Menkaure (D:6)
  2 steam dragons
  Duvessa (D:3)
  A sky beast (D:4)
  4 orc warriors
  An ice beast (D:5)
  An ogre (D:4)
  2 centaurs
  A lemure (D:7)
  Blork the orc (D:6)
  3 kobold brigands
  2 gnoll sergeants
  3 bullfrogs
  3 scorpions
  Dowan (D:3)
  13 killer bees
  5 wights (D:7)
  A howler monkey (D:6)
  3 crimson imps (D:10)
  2 centaur zombies
  A bullfrog skeleton (D:5)
  A hound (D:5)
  A jelly (D:5)
  2 centaur skeletons
  2 gnoll shamans
  4 orc priests
  Natasha (thrice) (D:3)
  Terence (D:3)
  2 iguanas (D:6)
  7 orc wizards
  A hound skeleton (D:5)
  Robin (D:2)
  3 howler monkey zombies
  12 gnolls
  2 adders (D:3)
  An ufetubus (D:5)
  2 worms
  A dart slug (D:1)
  23 orcs
  5 ball pythons
  10 endoplasms
  5 giant cockroaches
  8 hobgoblins
  12 jackals
  15 kobolds
  A quokka (D:1)
  2 bats
  6 frilled lizards
  20 goblins
  4 rats
260 creatures vanquished.

Vanquished Creatures (others)
  6 plants (D:6)
6 creatures vanquished.

Grand Total: 266 creatures vanquished

Notes
Turn   | Place    | Note
-------+----------+-------------------------------------------
     0 | D:1      | wakim the Minotaur Berserker began the quest for the Orb.
     0 | D:1      | Reached XP level 1. HP: 19/19 MP: 0/0
   238 | D:1      | Found a faded altar of an unknown god.
   335 | D:1      | Reached XP level 2. HP: 27/27 MP: 1/1
   363 | D:1      | Reached skill level 4 in Maces & Flails
   466 | D:1      | Found Dubuoj's Book Shop.
   610 | D:1      | Reached XP level 3. HP: 32/33 MP: 2/2
   635 | D:1      | Reached ** piety under Trog
  1038 | D:2      | Noticed Robin
  1043 | D:2      | Killed Robin
  1052 | D:2      | Reached XP level 4. HP: 40/40 MP: 3/3
  1636 | D:3      | Found a glowing silver altar of Zin.
  1735 | D:3      | Reached *** piety under Trog
  1894 | D:3      | Reached skill level 5 in Maces & Flails
  1894 | D:3      | Reached XP level 5. HP: 46/46 MP: 4/4
  1942 | D:3      | Noticed Terence
  1955 | D:3      | Killed Terence
  2476 | D:3      | Noticed Natasha
  2482 | D:3      | Killed Natasha
  2606 | D:3      | Noticed Natasha
  2611 | D:3      | Killed Natasha
  2668 | D:3      | Noticed Natasha
  2677 | D:3      | Killed Natasha
  2724 | D:3      | Found a hazy altar of Hepliaklqana.
  2749 | D:3      | Found a broken altar of Ashenzari.
  2756 | D:3      | Found a hide-covered altar of Uskayaw.
  2761 | D:3      | Found an ancient bone altar of Kikubaaqudgha.
  2776 | D:3      | Found a stormy altar of Qazlal.
  2783 | D:3      | Found an iron altar of Okawaru.
  2790 | D:3      | Found a bloodstained altar of Trog.
  2901 | D:3      | Reached XP level 6. HP: 53/53 MP: 5/5
  2948 | D:4      | Noticed Dowan
  2949 | D:4      | Noticed Duvessa
  2968 | D:3      | Killed Duvessa
  2969 | D:3      | Reached skill level 6 in Maces & Flails
  2969 | D:3      | Reached skill level 5 in Armour
  2976 | D:3      | Killed Dowan
  2977 | D:3      | Reached skill level 5 in Fighting
  3265 | D:4      | Noticed Sigmund
  3277 | D:4      | Reached XP level 7. HP: 61/61 MP: 6/6
  3280 | D:4      | Killed Sigmund
  3417 | D:4      | Reached skill level 7 in Maces & Flails
  3575 | D:5      | Entered Level 5 of the Dungeon
  3782 | D:5      | Found a transporter.
  3896 | D:5      | Found a transporter.
  3944 | D:5      | Reached XP level 8. HP: 70/70 MP: 7/7
  4087 | D:5      | Found a white marble altar of Elyvilon.
  4594 | D:5      | Found a glowing golden altar of the Shining One.
  4669 | D:6      | Noticed Prince Ribbit
  4690 | D:6      | Killed Prince Ribbit
  4691 | D:6      | Reached skill level 8 in Maces & Flails
  4691 | D:6      | Reached skill level 5 in Dodging
  4750 | D:6      | Identified the +3 ring mail of Fanaticism {Harm Rampage
                  | rCorr Str+2}
  4830 | D:6      | Noticed Blork the orc
  4839 | D:6      | Killed Blork the orc
  5161 | D:6      | Noticed Eustachio
  5166 | D:6      | Killed Eustachio
  5167 | D:6      | Reached skill level 9 in Maces & Flails
  5305 | D:6      | Found a transporter.
  5360 | D:6      | Found a transporter.
  5366 | D:6      | Reached XP level 9. HP: 74/78 MP: 8/8
  5388 | D:6      | Noticed Galthrax's ghost (novice GrEE)
  5411 | D:6      | Noticed Menkaure
  5426 | D:6      | Killed Menkaure
  5918 | D:6      | Found a staircase to the Ecumenical Temple.
  5924 | Temple   | Entered the Ecumenical Temple
  6477 | D:7      | Noticed Pikel
  6554 | D:7      | Killed Pikel
  6555 | D:7      | Reached skill level 1 in Evocations
  6798 | D:8      | Found a staircase to the Lair.
  6798 | D:8      | Noticed a death yak
  6798 | D:8      | Noticed a death yak
  6798 | D:8      | Noticed Erica
  6819 | D:7      | Killed a death yak
  6820 | D:7      | Reached skill level 10 in Maces & Flails
  6865 | D:8      | Noticed a death yak
  6885 | D:7      | Reached skill level 10 in Armour
  7107 | D:8      | Noticed Harold
  7119 | D:7      | Killed Harold
  7120 | D:7      | Reached XP level 10. HP: 88/88 MP: 9/9
  7939 | D:7      | Killed a death yak
  7940 | D:7      | Reached skill level 11 in Maces & Flails
  8031 | D:7      | Killed a death yak
  8518 | D:8      | Killed Erica
  8565 | D:8      | Noticed Gastronok
  9372 | D:9      | Reached XP level 11. HP: 93/95 MP: 10/10
  9486 | D:9      | Noticed Maggie
  9497 | D:9      | Killed Maggie
  9741 | D:9      | Reached skill level 12 in Maces & Flails
  9747 | D:9      | Reached **** piety under Trog
  9998 | D:9      | HP: 2/97 [yak (4)]
 10302 | D:9      | Noticed Psyche
 10305 | D:9      | Found Xiroeteo's Distillery.
 10311 | D:9      | Killed Psyche
 10789 | D:10     | Entered Level 10 of the Dungeon
 10976 | D:10     | Noticed a two-headed ogre
 10986 | D:10     | Killed a two-headed ogre
 10987 | D:10     | Reached skill level 1 in Shields
 11205 | D:10     | Noticed a two-headed ogre
 11221 | D:10     | Killed a two-headed ogre
 11450 | D:10     | Reached skill level 13 in Maces & Flails
 11450 | D:10     | Reached skill level 5 in Evocations
 11578 | D:10     | Found a runed translucent gate.
 11578 | D:10     | Found a runed translucent gate.
 11580 | D:10     | Found a runed translucent gate.
 11581 | D:10     | Noticed polve's ghost (journeyman HOBe)
 11649 | D:10     | Identified the +2 war axe of the Sun {drain, Drain +Blink
                  | rC+}
 11850 | D:10     | Found a shimmering altar of Xom.
 12142 | D:11     | Noticed a two-headed ogre
 12157 | D:10     | Killed a two-headed ogre
 12158 | D:10     | Reached XP level 12. HP: 106/106 MP: 11/11
 12761 | D:11     | Reached skill level 10 in Fighting
 12892 | D:11     | Succumbed to poison (dark miasma)

Illustrated notes

Levels and vault maps discovered:
D:1:      wander_arrival_peaceful_grave, layout_loops_cross,
          ebering_ecumenical_altar_sacrificial, serial_shops,
          nicolae_shop_trees, hangedman_decor_clover_reticule
D:2:      layout_loops_cross, uniq_robin
D:3:      layout_loops_ring, grunt_temple_overflow_octagram, lemuel_tele_altar,
          wad_rectangle_vault, uniq_natasha, uniq_terence
D:4:      layout_rooms, uniq_sigmund, uniq_duvessa
D:5:      gammafunk_steamed_eel, layout_cave_pods, tso_oasis_becter,
          lemuel_doored_altar
D:6:      layout_basic, minmay_temple_entry_hall, gammafunk_ghost_gnarly_gnolls,
          minmay_misc_feat_ornament, uniq_blork_the_orc,
          uniq_crazy_yiuf_cottage, uniq_prince_ribbit1, uniq_eustachio,
          uniq_menkaure
D:7:      layout_basic, uniq_pikel
D:8:      layout_cave_pools, dpeg_lair_monsters, uniq_erica, uniq_gastronok,
          uniq_harold
D:9:      layout_roguey, serial_shops, nicolae_shop_crystal,
          minmay_misc_feat_hallway, minmay_quadrilaterals, uniq_maggie,
          uniq_psyche
D:10:     layout_irregular_city, led_xom_imps, ebering_ghost_rock_garden,
          chequers_serial_rivers_micro_a
D:11:     layout_big_octagon
Temple:   minmay_temple_curvy_loop

Skill      XL: |  1  2  3  4  5  6  7  8  9 10 11 12 |
---------------+-------------------------------------+-----
Maces & Flails | 4 5 6 7 9 10 11 13 | 13.3
Armour         | 3 4 5 6 8 10 11 12 | 12.6
Fighting       | 4 5 6 7 8 9 10 | 10.0
Dodging        | 3 4 5 6 7 8 |  8.9
Evocations     | 2 3 5 |  5.3
Shields        | 4 |  4.0

Action                   |  1- 3 |  4- 6 |  7- 9 | 10-12 || total
-------------------------+-------+-------+-------+-------++-------
Melee: Mace              |    94 |   134 |   158 |   398 ||   784
       Headbutt          |    14 |    16 |    30 |   107 ||   167
Invok: Berserk           |     1 |     4 |     4 |    10 ||    19
       Trog's Hand       |     1 |     4 |     7 |    14 ||    26
Evoke: Wand              |       |       |       |     5 ||     5
  Use: Scroll            |     1 |     4 |     6 |     6 ||    17
Armor: Chain mail        |    61 |    38 |       |       ||    99
       Scale mail        |       |    34 |    78 |   172 ||   284
Dodge: Dodged            |    54 |    45 |    89 |   201 ||   389
Block: Buckler           |       |       |       |    15 ||    15

Table legend: (Time is in decaauts)
 A = Elapsed time spent in this place.
 B = Non-inter-level travel time spent in this place.
 C = Inter-level travel time spent in this place.
 D = Time resting spent in this place.
 E = Time spent auto-exploring this place.
 F = Levels seen in this place.
 G = Mean time per level.
                   A        B        C        D        E       F      G
               +--------+--------+--------+--------+--------+-----+--------+
         Total |  13052 |  12497 |    555 |   1895 |   8472 |  12 | 1087.7 |
       Dungeon |  12854 |  12306 |    548 |   1895 |   8299 |  11 | 1168.5 |
        Temple |    197 |    190 |      7 |      0 |    173 |   1 |  197.0 |
               +--------+--------+--------+--------+--------+-----+--------+

Top non-repeatable levels by time:
     D:7: 2222 daAuts
     D:3: 1534 daAuts
     D:9: 1444 daAuts
     D:6: 1378 daAuts
    D:10: 1370 daAuts
     D:5: 1049 daAuts
     D:8: 983 daAuts
     D:1: 925 daAuts
     D:2: 729 daAuts
    D:11: 704 daAuts
     D:4: 509 daAuts
  Temple: 197 daAuts
